 Dungeon Crawl Stone Soup version 0.21-a0-578-gc6e9d75 (webtiles) character file.

9 M4edhros the Grave Robber (level 2, 0/17 HPs)
             Began as an Octopode Necromancer on Dec 18, 2017.
             Slain by a crimson imp (1 damage)
             ... on level 2 of the Dungeon.
             The game lasted 00:02:12 (440 turns).

M4edhros the Grave Robber (Octopode Necromancer)     Turns: 440, Time: 00:02:13

Health: 0/17       AC:  1    Str:  7    XL:     2   Next: 12%
Magic:  5/5        EV: 13    Int: 17    God:
Gold:   45         SH:  0    Dex: 12    Spells: 4/5 levels left

rFire    . . .     SeeInvis +     - Unarmed
rCold    . . .     Gourm    .   (no shield)
rNeg     . . .     Faith    .   (helmet restricted)
rPois    .         Spirit   .   (no amulet)
rElec    .         Reflect  .   e - ring of see invisible
rCorr    .         Harm     .   (no ring)
MR       .....                  (no ring)
Stlth    +++.......             (no ring)
HPRegen  0.05/turn              (no ring)
MPRegen  0.09/turn              (no ring)
                                (no ring)
                                (no ring)

@: hasted, very quick
A: almost no armour, stealthy swim, amphibious, 8 rings, constrict 8, camouflage
1, gelatinous body 1
a: no special abilities


You were on level 2 of the Dungeon.
You were not hungry.

You visited 1 branch of the dungeon, and saw 3 of its levels.

You collected 45 gold pieces.

Inventory:

Missiles
 c - 124 stones (quivered)
Jewellery
 e - a ring of see invisible (left tentacle)
Scrolls
 g - a scroll of teleportation {unknown}
Potions
 d - a potion of brilliance {unknown}
Books
 a - a book of Necromancy

   Spells                             Type                      Level
   a - Pain                           Necromancy                   1
   b - Animate Skeleton               Necromancy                   1
   c - Vampiric Draining              Necromancy                   3
   d - Regeneration                   Charms/Necromancy            3
   e - Animate Dead                   Necromancy                   4
   f - Control Undead                 Necromancy                   4
Comestibles
 b - 3 rations


   Skills:
 - Level 2.0 Dodging
 - Level 2.6 Stealth
 + Level 1.7 Unarmed Combat
 - Level 2.0 Spellcasting
 - Level 4.0 Necromancy


You had 4 spell levels left.
You knew the following spells:

 Your Spells              Type           Power        Failure   Level  Hunger
a - Pain                  Necr           ###.         3%          1    #......


Dungeon Overview and Level Annotations

Branches:
Dungeon (3/15)

Altars:
Xom


Innate Abilities, Weirdness & Mutations

You cannot wear most types of armour.
You are very stealthy in the water. (Stealth+)
You are amphibious.
You can wear up to eight rings at the same time.
You can use your tentacles to constrict eight enemies at once.
Your skin changes colour to match your surroundings (Stealth+).
Your rubbery body absorbs attacks. (AC +1, EV +1)


Message History

You tentacle-slap the crimson imp but do no damage.
You squeeze the crimson imp.
The crimson imp is heavily wounded.
You constrict the crimson imp. The crimson imp hits you.
* * * LOW HITPOINT WARNING * * *
You tentacle-slap the crimson imp but do no damage.
The crimson imp is heavily wounded.
You constrict the crimson imp, but do no damage.
The crimson imp misses you.
You tentacle-slap the crimson imp but do no damage.
The crimson imp is moderately wounded.
You constrict the crimson imp.
The crimson imp hits you but does no damage.
It was a potion of haste.
You feel yourself speed up.
You constrict the crimson imp. The crimson imp hits you.
* * * LOW HITPOINT WARNING * * *
You tentacle-slap the crimson imp but do no damage.
The crimson imp is heavily wounded.
You constrict the crimson imp. The crimson imp hits you.
You die...

#....♣..###.#
#.#..)P♣P....>.#
#...♣♣♣♣PP.#####
.. ♣.P....
##.♣♣....#.##
####P.♣...#.#..
......P..##.###
#.5.##. ##.@## ###
#######...###.....
..............#
######...###.#
##...>..# ########


You could see a crimson imp.

Vanquished Creatures
  A worm (D:2)
  A frilled lizard (D:1)
  2 goblins
  3 kobolds
7 creatures vanquished.

Notes
Turn   | Place    | Note
-------+----------+-------------------------------------------
     0 | D:1      | M4edhros the Octopode Necromancer began the quest for the Orb.
     0 | D:1      | Reached XP level 1. HP: 11/11 MP: 3/3
   167 | D:1      | Found a shimmering altar of Xom.
   276 | D:2      | Reached skill level 1 in Unarmed Combat
   292 | D:2      | Reached XP level 2. HP: 11/17 MP: 1/5
   379 | D:2      | Noticed a crimson imp
   440 | D:2      | Slain by a crimson imp

Vault maps used:
D:1:      dpeg_arrival_signposts, palyth_stone_intersect, xom_teletrap_fun
D:2:      grunt_temple_overflow_forces_of_nature, serial_forest,
          infiniplex_forest_clump_diagonal, infiniplex_forest_lined_1,
          infiniplex_forest_zigzag_1, infiniplex_forest_corner_1,
          infiniplex_forest_lined_1, infiniplex_forest_end_2,
          minmay_tetromino_i2
D:3:      first_ration

Skill      XL: |  1 |
---------------+----+-----
Unarmed Combat | 1 |  1.7
Dodging        | |  2.0
Stealth        | |  2.6
Spellcasting   | |  2.0
Necromancy     | |  4.0

Action                   || total
-------------------------++-------
Melee: Unarmed           ||    50
       Constrict         ||     7
       Tentacles         ||     5
 Cast: Pain              ||     8
  Use: Potion            ||     2
Armor: Skin              ||     5
Dodge: Dodged            ||    29

Table legend:
 A = Spawn XP
 B = Non-spawn XP
 C = Spawn XP percentage of total XP
 D = Spawn monster count
 E = Non-spawn monster count
 F = Spawn count percentage of total count
 G = Total turns spent on level
                    A         B        C        D         E        F      G
               +---------+---------+-------+---------+---------+-------+---------
         Total |       0 |      13 |   0.0 |       0 |       7 |   0.0 |   440
               +---------+---------+-------+---------+---------+-------+---------
           D:1 |       0 |       4 |   0.0 |       0 |       4 |   0.0 |   259
           D:2 |       0 |       7 |   0.0 |       0 |       2 |   0.0 |   126
           D:3 |       0 |       2 |   0.0 |       0 |       1 |   0.0 |    55
               +---------+---------+-------+---------+---------+-------+---------
